 Dungeon Crawl Stone Soup version 0.31-a0-162-gc4c5a43528 (webtiles) character file.

Game seed: 13300186393333771490

558 qw the Shooter (level 7, -1/44 HPs)
             Began as a Gargoyle Hunter on June 12, 2023.
             Slain by an ogre
             ... wielding a +0 giant club
              (17 damage)
             ... on level 4 of the Dungeon.
             The game lasted 00:01:32 (2641 turns).

qw the Shooter (Gargoyle Hunter)                    Turns: 2641, Time: 00:01:32

Health: -1/44      AC: 16    Str: 15    XL:     7   Next: 31%
Magic:  7/7        EV: 11    Int:  9    God:
Gold:   74         SH:  0    Dex: 15    Spells: 6/6 levels left

rFire   + + .        Y - +0 shortbow
rCold   + . .        (shield currently unavailable)
rNeg    + . .        o - +0 ring mail
rPois   inf          h - +0 helmet
rElec   +            (no cloak)
rCorr   .            e - +0 pair of gloves
SInv    .            c - -1 pair of boots of Wyghis {rF++ rC+}
Will    .....        (no amulet)
Stlth   +            r - +4 ring of protection
HPRegen 0.27/turn    (no ring)
MPRegen 0.10/turn

%: no passive effects
@: no status effects
A: sickness immunity, AC +4, negative energy resistance 1, electricity
resistance, torment resistance 1, petrification resistance
a: no special abilities


You were on level 4 of the Dungeon.
You visited 1 branch of the dungeon, and saw 4 of its levels.

You collected 74 gold pieces.


Innate Abilities, Weirdness & Mutations

You are immune to sickness and miasma.
Your stone body is resilient. (AC +4)
You are immune to poison.
You resist negative energy. (rN+)
You are resistant to electric shocks. (rElec)
You are resistant to unholy torment.
You are immune to petrification.


   Skills:
 - Level 5.4 Fighting
 + Level 6.9 Ranged Weapons
 - Level 2.0 Armour
 - Level 1.5 Dodging
 - Level 1.1 Stealth


You had 6 spell levels left.
You didn't know any spells.
Your spell library was empty.

Inventory:

Hand Weapons
 Y - a +0 shortbow (weapon)
Armour
 c - the -1 pair of boots of Wyghis (worn) {rF++ rC+}
   (You acquired it on level 3 of the Dungeon)

   rF:        It greatly protects you from fire.
   rC:        It protects you from cold.
 e - a +0 pair of gloves (worn)
 h - a +0 helmet (worn)
 o - a +0 ring mail (worn)
Jewellery
 a - a ring of ice
 r - a +4 ring of protection (left hand)
Scrolls
 g - a scroll of teleportation {unknown}
 j - a scroll of identify
Potions
 b - a potion of haste
 d - a potion of cancellation
 f - 3 potions of heal wounds
 i - a potion of enlightenment {unknown}
 m - a potion of lignification {unknown}
 q - a potion of might {unknown}

Dungeon Overview and Level Annotations

Branches:
Dungeon (4/15)
 Temple: D:4-7

Altars:
Uskayaw


Message History

An ogre comes into view. It is wielding a +0 giant club.
The ogre shouts!
Enter note:
Enter note:
Enter note:
Enter note:
Enter note:
Enter note: You shoot an arrow.
The arrow hits the ogre but does no damage.
You shoot an arrow. The arrow hits the ogre.
The ogre is lightly wounded.
You shoot an arrow. The arrow hits the ogre.
The ogre is lightly wounded.
You shoot an arrow. The arrow hits the ogre.
The ogre is lightly wounded.
The ogre hits you with a +0 giant club.
You shoot an arrow.
The arrow hits the ogre but does no damage.
The ogre is lightly wounded.
You shoot an arrow. The arrow hits the ogre.
The ogre is moderately wounded.
The ogre closely misses you.
A goblin comes into view. It is wielding a +0 dagger.
You shoot an arrow. The arrow barely misses the ogre.
The ogre closely misses you.
You shoot an arrow. The arrow hits the ogre!
The ogre is severely wounded.
The ogre hits you with a +0 giant club.
You shoot an arrow. The arrow barely misses the ogre.
The ogre barely misses you.
You shoot an arrow. The arrow hits the ogre.
The ogre is severely wounded.
You shoot an arrow. The arrow barely misses the ogre.
The ogre hits you with a +0 giant club!!
Ouch! That really hurt!
You shoot an arrow. The arrow hits the ogre.
The ogre is almost dead.
The ogre hits you with a +0 giant club!
You die...

....#.#.....
..###.#.#.###### .#
...............# .#
..#........#.#.# .# #
..#.#...:....#.# .#.#
..#.#...#..###.##.#.#
..#.#...#...........
........#.####.##.#
#.#.#...#.......@O#
[.#.#...######.###g.%...
<.#.#..........# ....#
[...#.......#..# ....
..#.#.......#..#
..##########
...##)......#..#
.+.......<.
.......######..#
########## .....#.# ....
.#.#.#.# .... #


You could see an ogre and a goblin.

Vanquished Creatures
  Sigmund (D:2)
  A sky beast (D:3)
  A hound (D:4)
  3 orc priests (D:3)
  2 orc wizards (D:3)
  2 adders
  4 worms
  2 dart slugs
  10 orcs
  9 endoplasms
  2 giant cockroaches
  5 hobgoblins
  5 jackals
  4 kobolds
  8 ball pythons
  12 bats
  2 frilled lizards
  8 goblins
  6 rats
87 creatures vanquished.

Vanquished Creatures (others)
  An orc wizard (D:4)
1 creature vanquished.

Grand Total: 88 creatures vanquished

Notes
Turn   | Place    | Note
-------+----------+-------------------------------------------
     0 | D:1      | qw the Gargoyle Hunter began the quest for the Orb.
     0 | D:1      | Reached XP level 1. HP: 12/12 MP: 1/1
     0 | D:1      | 0 ||| qw: Version: 0.2-a-29-gc1b59c4
     0 | D:1      | 0 ||| qw: Game counter: 4380
     0 | D:1      | 0 ||| qw: Always use a shield: true
     0 | D:1      | 0 ||| qw: God list: Okawaru
     0 | D:1      | 0 ||| qw: Allow faded altars: false
     0 | D:1      | 0 ||| qw: Do Orc after D:15 true
     0 | D:1      | 0 ||| qw: Do second Lair branch before Depths: true
     0 | D:1      | 0 ||| qw: Lair rune preference: random
     0 | D:1      | 0 ||| qw: Plans: Normal, Zot:1-4, Slime:5, God:TSO, Crypt,
                  | Tomb, Abyss, Pan, Hells, Win
     0 | D:1      | 0 ||| PLANNING D:1-11
   104 | D:1      | Reached XP level 2. HP: 17/17 MP: 2/2
   182 | D:1      | 182 ||| FLEEEEING.
   183 | D:1      | 183 ||| FLEEEEING.
   184 | D:1      | 184 ||| FLEEEEING.
   185 | D:1      | 185 ||| FLEEEEING.
   186 | D:1      | 186 ||| FLEEEEING.
   187 | D:1      | 187 ||| FLEEEEING.
   188 | D:1      | 188 ||| FLEEEEING.
   189 | D:1      | 189 ||| FLEEEEING.
   191 | D:1      | 191 ||| FLEEEEING.
   578 | D:1      | Reached XP level 3. HP: 21/21 MP: 3/3
   683 | D:1      | 683 ||| UPGRADING to +0 helmet.
   688 | D:1      | 688 ||| READING scroll labelled XEPNYJ IZXOGE.
   689 | D:1      | 689 ||| READING scroll labelled NIEVYT LUGU.
   690 | D:1      | 690 ||| DRINKING 2 inky potions.
   691 | D:1      | 691 ||| DROPPING scroll of butterflies.
   763 | D:2      | Reached skill level 5 in Ranged Weapons
   971 | D:2      | Noticed Sigmund
   982 | D:2      | HP: 3/22 [Sigmund/+0 scythe (10)]
   983 | D:2      | 983 ||| DRINKING 3 potions of heal wounds.
   986 | D:2      | 986 ||| FLEEEEING.
   988 | D:2      | 988 ||| FLEEEEING.
   998 | D:2      | Killed Sigmund
   999 | D:2      | Reached XP level 4. HP: 13/31 MP: 4/4
   999 | D:2      | Reached XP level 5. HP: 14/35 MP: 5/5
  1193 | D:2      | 1193 ||| UPGRADING to +0 pair of gloves.
  1199 | D:2      | 1199 ||| READING 3 scrolls labelled HILLUG ILERGH.
  1200 | D:2      | 1200 ||| DRINKING 2 grey potions.
  1201 | D:2      | 1201 ||| DROPPING 2 scrolls of revelation.
  1240 | D:2      | Reached skill level 1 in Armour
  1525 | D:3      | Reached XP level 6. HP: 40/40 MP: 6/6
  1631 | D:3      | Noticed a sky beast
  1652 | D:3      | Killed a sky beast
  1653 | D:3      | Reached skill level 6 in Ranged Weapons
  2051 | D:3      | Found a hide-covered altar of Uskayaw.
  2077 | D:3      | 2077 ||| UPGRADING to +0 ring mail.
  2087 | D:3      | 2087 ||| DROPPING +0 leather armour.
  2088 | D:3      | 2088 ||| UPGRADING to +4 ring of protection.
  2089 | D:3      | 2089 ||| READING scroll labelled RUELEI KUOF.
  2090 | D:3      | 2090 ||| READING 2 scrolls labelled GYEHUZURUPS.
  2091 | D:3      | 2091 ||| READING scroll labelled RIUWYGG MUIH.
  2091 | D:3      | Identified a scroll of acquirement
  2091 | D:3      | 2091 ||| ACQUIRING -1 pair of boots of Wyghis {rF++ rC+}
  2091 | D:3      | Acquired the -1 pair of boots of Wyghis {rF++ rC+}
  2093 | D:3      | 2093 ||| UPGRADING to -1 pair of boots of Wyghis {rF++
                  | rC+}.
  2098 | D:3      | 2098 ||| READING scroll labelled KIPSE ZIDUFUTA.
  2099 | D:3      | 2099 ||| READING scroll labelled WAZUEZ SAUQUGU.
  2127 | D:3      | 2127 ||| DRINKING 2 emerald potions.
  2128 | D:3      | 2128 ||| DRINKING 2 potions of curing.
  2128 | D:3      | 2128 ||| (to cure confusion)
  2129 | D:3      | 2129 ||| READING 3 scrolls of identify.
  2129 | D:3      | 2129 ||| IDENTIFYING fizzy emerald potion
  2130 | D:3      | 2130 ||| READING 2 scrolls of identify.
  2130 | D:3      | 2130 ||| IDENTIFYING glowing brown potion
  2131 | D:3      | 2131 ||| DROPPING potion of ambrosia.
  2132 | D:3      | 2132 ||| DROPPING scroll of vulnerability.
  2265 | D:4      | Reached XP level 7. HP: 44/44 MP: 7/7
  2330 | D:4      | 2330 ||| DRINKING potion of curing.
  2330 | D:4      | 2330 ||| (to cure confusion)
  2335 | D:4      | 2335 ||| FLEEEEING.
  2336 | D:4      | 2336 ||| FLEEEEING.
  2337 | D:4      | 2337 ||| STAIRDANCE
  2434 | D:4      | 2434 ||| STAIRDANCE
  2488 | D:4      | 2488 ||| STAIRDANCE
  2641 | D:4      | Slain by an ogre

Levels and vault maps discovered:
D:1:      co_arrival_square_in_a_square_in_a_square, layout_loops_cross,
          minmay_tetromino_t4
D:2:      layout_rooms, minmay_puff, uniq_sigmund
D:3:      layout_basic, marbit_many_paths
D:4:      layout_basic, xom_teletrap_fun, uniq_eustachio

Skill      XL: |  1  2  3  4  5  6  7 |
---------------+----------------------+-----
Ranged Weapons | 5 6 |  6.9
Fighting       | 5 |  5.4
Armour         | 1 2 |  2.0
Dodging        | |  1.5
Stealth        | |  1.1

Action                     |  1- 3 |  4- 6 |  7- 9 || total
---------------------------+-------+-------+-------++-------
   Fire: Shortbow          |   114 |   125 |    81 ||   320
    Use: Scroll            |     2 |     8 |       ||    10
         Potion            |     2 |     3 |     1 ||     6
 Armour: Leather armour    |    20 |    27 |       ||    47
         Ring mail         |       |     3 |    37 ||    40
  Dodge: Dodged            |    36 |    38 |    15 ||    89

Table legend:
 A = Non-vault XP
 B = Vault XP
 C = Vault XP percentage of total XP
 D = Non-vault monster count
 E = Vault monster count
 F = Vault count percentage of total count
                 A         B        C        D         E       F
            +---------+---------+-------+---------+---------+-------
      Total |     555 |     243 |  30.5 |      80 |       8 |   9.1
            +---------+---------+-------+---------+---------+-------
        D:1 |      30 |       4 |  11.8 |      19 |       2 |   9.5
        D:2 |      43 |     237 |  84.6 |      23 |       5 |  17.9
        D:3 |     384 |       2 |   0.5 |      26 |       1 |   3.7
        D:4 |      98 |       0 |   0.0 |      12 |       0 |   0.0
            +---------+---------+-------+---------+---------+-------
